AoeStats
← Vikariepoolen

Runestones

507768228Analyzed
1v1 RM · 11d ago on Sep 19, 2026· 32m 56s· 2 players
Game mode
Random Map
Map size
Tiny (2 player)
Population
200
Speed
Normal
Resources
Standard
Victory
Conquest
Starting age
Dark Age
Ending age
Imperial Age
RankedLock teamsTeams togetherTeam positionsShared explorationLock speedFull tech treeHidden civsTurbo modeCheats
Victory
Defeat
🇸🇪 Georgians · Sweden
1383
+14
🇲🇽 Inca · Mexico
1340
-14
Vikariepoolen
9:43 Feudal Age
10:46 Double-Bit Axe
10:54 Gold Mining
12:06 Loom
13:27 Horse Collar
20:19 Castle Age
21:47 Wheelbarrow
21:28 Scale Barding Armor
22:39 Bow Saw
23:33 Town Watch
24:19 Hand Cart
24:55 Bloodlines
25:14 Fervor
26:40 Husbandry
28:07 Fletching
28:38 Chain Barding Armor
32:38 Imperial Age
30:16 Crossbowman
31:09 Stone Mining
32:52 Ballistics
32:32 Bodkin Arrow
33:00 Ballistics
34:07 Stone Shaft Mining
33:34 Bracer
TANDAROS
7:20 Loom
9:40 Feudal Age
10:11 Double-Bit Axe
22:33 Castle Age
20:21 Horse Collar
20:37 Champi Runner
21:36 Gold Mining
22:12 Scale Mail Armor
23:15 Forging
23:11 Pikeman
24:48 Chain Mail Armor
27:18 Champi Warrior
Connection lost

Rejoining the realm…

Still unreachable

The connection could not be restored.

Session expired

The server has moved on; the page needs a fresh start.